 Dungeon Crawl Stone Soup version 0.31-a0-325-g067879e3d3 (webtiles) character file.

Game seed: 6710823938392082071

99256 AIAndy the Metamorph (level 15, -35/88 HPs)
             Began as a Felid Shapeshifter on July 16, 2023.
             Was the Champion of Hepliaklqana.
             Annihilated by a naga warrior
             ... wielding a +0 scimitar
              (37 damage)
             ... on level 4 of the Snake Pit on July 18, 2023.
             The game lasted 02:26:01 (25123 turns).

AIAndy the Metamorph (Felid Shapeshifter)          Turns: 25123, Time: 02:26:04

Health: -35/88     AC: 35    Str: 23    XL:     15   Next: 40%
Magic:  22/22      EV: 25    Int: 11    God:    Hepliaklqana [******]
Gold:   1121       SH:  0    Dex: 17    Spells: 14/14 levels left
                                        Lives:  0   Deaths: 3

rFire   . .          .
                       - Unarmed
rCold   . . .        (shield unavailable)
rNeg    + + +        (body armour unavailable)
rPois   ∞            (helmet unavailable)
rElec   +            (cloak unavailable)
rCorr   .            (gloves unavailable)
SInv    +            (boots unavailable)
Will    +++++        k - amulet "Uko Loitz" {Acrobat Rampage Fragile rN++ Will+++}
Stlth   ++           O - +4 ring of protection
HPRegen 0.34/turn    S - +6 ring of strength
MPRegen 0.18/turn

%: acrobat, rampage
@: mighty, statue-form, hasted
A: slow and powerful, torment resistance 1, boosted hp, reduced essence, very
small, claws 1, fangs 3, see invisible, (speed 1), (shaggy fur 3), stealthy
paws, no weapons or thrown items, no armour, multi-lived
}: 1/15 runes: serpentine
a: Begin Untransformation, Renounce Religion, Recall Ancestor, Ancestor
Identity, Transference, Idealise


You were on level 4 of the Snake Pit.
You worshipped Hepliaklqana.
Hepliaklqana was exalted by your worship.
You were a living statue of rough stone.
You visited 4 branches of the dungeon, and saw 22 of its levels.
You also visited: Sewer, Bailey, Gauntlet and Volcano.

You collected 2582 gold pieces.
You spent 1461 gold pieces at shops.


Innate Abilities, Weirdness & Mutations

You are a living statue of rough stone.
Your actions are slow, but your melee attacks are powerful.
You are resistant to unholy torment.
Your maximum health is greatly increased.
Your life essence is reduced to manifest your ancestor. (-10% HP)
You are immune to poison.
You have sharp claws.
You have razor-sharp teeth.
You have supernaturally acute eyesight. (SInv)
((You cover ground quickly. (Speed+)))
((Your thick and shaggy fur keeps you warm. (AC +3, rC+)))
Your paws help you pounce on unaware monsters.
You are incapable of wielding weapons or throwing items.
You cannot wear armour.
You gain extra lives every three experience levels.


   Skills:
 - Level 14.3 Fighting
 - Level 12.0 Dodging
 * Level 15.5 Unarmed Combat
 - Level 8.5 Invocations
 - Level 5.0 Evocations
 + Level 20.3 Shapeshifting


You had 14 spell levels left.
You didn't know any spells.
Your spell library contained the following spells:

 Spells                   Type           Power      Damage    Failure   Level
 Apportation              Tloc           0%         N/A       34%         1
 Freeze                   Ice            0%         1d3       34%         1
 Necrotise                Necr           0%         1d4       34%         1
 Sandblast                Erth           0%         2d4       34%         1
 Slow                     Hex            0%         N/A       34%         1
 Sting                    Tmut/Pois      0%         1d3       34%         1
 Summon Small Mammal      Summ           0%         N/A       34%         1
 Passwall                 Tmut/Erth      0%         N/A       47%         2
 Poisonous Vapours        Pois/Air       0%         N/A       47%         2
 Wereblood                Tmut           0%         N/A       47%         2
 Confusing Touch          Hex            0%         N/A       71%         3
 Frozen Ramparts          Ice            0%         1d1       71%         3
 Hailstorm                Conj/Ice       0%         3d3       71%         3
 Ignite Poison            Fire/Tmut/Pois 0%         N/A       71%         3
 Inner Flame              Hex/Fire       0%         N/A       71%         3
 Mephitic Cloud           Conj/Pois/Air  0%         N/A       71%         3
 Ozocubu's Armour         Ice            0%         N/A       71%         3
 Stone Arrow              Conj/Erth      0%         3d7       71%         3
 Vampiric Draining        Necr           0%         2d6       71%         3
 Vhi's Electric Charge    Tloc/Air       0%         N/A       71%         3
 Flame Wave               Conj/Fire      0%         2d4       98%         4
 Leda's Liquefaction      Hex/Erth       0%         N/A       98%         4
 Petrify                  Tmut/Erth      0%         N/A       98%         4
 Sticky Flame             Conj/Fire      0%         2d3       98%         4
 Summon Ice Beast         Ice/Summ       0%         N/A       98%         4
 Summon Lightning Spire   Summ/Air       0%         N/A       98%         4
 Arcjolt                  Conj/Air       0%         1d10      100%        5
 Borgnjor's Vile Clutch   Necr/Erth      0%         N/A       100%        5
 Freezing Cloud           Conj/Ice/Air   0%         6-21      100%        5
 Irradiate                Conj/Tmut      0%         3d11      100%        5
 Iskenderun's Battlesphe  Conj           0%         2d6       100%        5
 Lee's Rapid Deconstruct  Erth           0%         3d4*      100%        5
 Metabolic Englaciation   Hex/Ice        0%         N/A       100%        5
 Summon Mana Viper        Hex/Summ       0%         N/A       100%        5
 Eringya's Noxious Bog    Tmut/Pois      0%         4d6       100%        6
 Leda's Unmaking          Conj/Erth      0%         9d1       100%        6
 Plasma Beam              Fire/Air       0%         2x1d10    100%        6
 Simulacrum               Ice/Necr       0%         N/A       100%        6
 Monstrous Menagerie      Summ           0%         N/A       100%        7
 Spellforged Servitor     Conj/Summ      0%         N/A       100%        7
 Summon Hydra             Summ           0%         N/A       100%        7
 Sublimation of Blood     Necr           Unusable   N/A       N/A         2
 Animate Armour           Summ/Erth      Unusable   N/A       N/A         4

Inventory:

Jewellery
 g - an amulet of regeneration
 k - the amulet "Uko Loitz" (around neck) {Acrobat Rampage Fragile rN++ Will+++}
   (You acquired it in a bailey)

   [amulet of the acrobat]

   It increases your evasion while moving and waiting.
   rN:        It greatly protects you from negative energy.
   Fragile:   It will be destroyed if unequipped.
   Rampage:   It bestows one free step when moving towards enemies.
   Will:      It greatly increases your willpower.
 D - the amulet "Siolugic" {Faith rC+}
   (You found it in a Gauntlet)

   [amulet of faith]

   It allows you to gain divine favour quickly.
   rC:        It protects you from cold.
 F - a ring of protection from fire
 G - an amulet of guardian spirit
 N - a ring of positive energy
 O - a +4 ring of protection (left paw)
 R - a ring of resist corrosion
 S - a +6 ring of strength (right paw)
 X - a +6 ring of dexterity
Talismans
 b - a beast talisman
 c - a blade talisman
 n - a granite talisman
 x - a serpent talisman
 C - a maw talisman
 K - a dragon-blood talisman
Wands
 s - a wand of iceblast (4)
 y - a wand of paralysis (9)
 B - a wand of quicksilver (22)
 I - a wand of mindburst (8)
 P - a wand of flame (15)
 Q - a wand of digging (2)
Scrolls
 d - a scroll of fear
 e - 10 scrolls of immolation {!r}
 h - 6 scrolls of teleportation {@r4}
 p - a scroll of enchant armour {unknown}
 r - 3 scrolls of amnesia
 w - 3 scrolls of fog
 z - 5 scrolls of vulnerability {!r}
 L - 2 scrolls of poison {!r}
 T - a scroll of butterflies {unknown}
 V - 4 scrolls of revelation
Potions
 a - 4 potions of lignification {!q}
 f - 6 potions of attraction {!q}
 i - 7 potions of cancellation
 j - 2 potions of haste {@q3}
 m - 10 potions of enlightenment
 o - 4 potions of mutation {!q}
 t - 7 potions of curing {@q1}
 u - 3 potions of resistance
 v - a potion of might
 A - a potion of brilliance
 E - 4 potions of berserk rage {!q}
 J - 2 potions of magic
 U - a potion of ambrosia
Miscellaneous
 l - a phantom mirror
 M - a lightning rod (4/4)
 W - a box of beasts
 Y - a tin of tremorstones (1/2)

Dungeon Overview and Level Annotations

Branches:
Dungeon (11/15)            Temple (0/1) D:6            Lair (5/5) D:8
 Shoals (0/4) Lair:3        Snake (4/4) Lair:3        Slime (0/5) Lair:4
    Orc (2/2) D:11            Elf (0/3) Orc:2         Sewer (visited)
 Bailey (visited)         Volcano (visited)         Gauntlet (visited)

Altars:
Cheibriados
Gozag
Hepliaklqana
Nemelex Xobeh
Okawaru
Qazlal
Wu Jian
Jiyva

Shops:
D:8 *   Orc:2 *(=[   Snake:1 ==:[( Snake:3

= ...## #..# ..## ▒▒▒▒▒▒▒▒ #.##
.## ##### ▒▒▒......▒▒▒#..### ##
##...▒▒▒........[.▒▒▒...## #
##...▒▒..........[[..▒▒...##
##....▒.....▒▒▒▒▒▒.[...▒▒...#
##..#.▒▒...▒▒▒....▒▒▒)...▒....
#....#▒...▒▒..NNN...▒▒...▒▒...
###...##▒...▒..8N.N....▒▒...▒#.#
##....##▒▒..▒▒..).▒▒▒...
▒...▒##. #.?..## ▒...▒....▒▒
▒...▒ ## ....## ▒..[▒...▒▒ ▒...▒
...## ▒)..▒...▒ ▒...▒ ..##
▒...▒...▒▒ ▒▒...▒ .##
▒...▒....▒▒ ▒...▒▒# ##
##▒...▒▒....▒▒ ▒▒▒...▒.## #
#.▒▒...▒▒....▒▒▒▒.[...▒..##


You could see 2 nagarajas, 2 naga warriors and a naga (strong).


Message History

The nagaraja hits you but does no damage.
You feel very mighty all of a sudden.
The salamander mystic gestures at you while chanting.
The bolt of magma hits you.
The nagaraja hits you from afar with a +0 spear!
The nagaraja casts a spell at you. The poison arrow misses you.
You eviscerate the salamander mystic!!!
You kill the salamander mystic!
The nagaraja hits you from afar with a +0 spear!!
* * * LOW HITPOINT WARNING * * *
The nagaraja spits poison at you. The splash of poison misses you.
You barely miss the nagaraja.
The nagaraja is heavily wounded.
The nagaraja hits you from afar with a +0 spear!!
* * * LOW HITPOINT WARNING * * *
The nagaraja points at you and mumbles some strange words.
The bolt of poison misses you.
Unknown command.
Okay, then.
Okay, then.
As you read the scroll of fear, it crumbles to dust.
You assume a fearsome visage.
The nagaraja looks frightened!
The naga warrior easily resists.
The nagaraja resists with almost no effort.
The naga warrior resists with almost no effort.
The naga resists with some effort.
The naga warrior hits you with a +0 scimitar!!!
You die...

Skill      XL: |  1  2  3  4  5  6  7  8  9 10 11 12 13 14 15 16 |
---------------+-------------------------------------------------+-----
Unarmed Combat | 3 4 5 6 9 10 12 13 15 | 15.5
Shapeshifting  | 4 5 6 8 9 10 11 14 15 20 19 | 20.3
Dodging        | 5 7 8 9 11 12 | 12.0
Fighting       | 4 5 6 7 8 13 14 | 14.3
Invocations    | 3 4 5 8 |  8.5
Evocations     | 3 5 |  5.0

Action                     |  1- 3 |  4- 6 |  7- 9 | 10-12 | 13-15 | 16-18 || total
---------------------------+-------+-------+-------+-------+-------+-------++-------
  Melee: Unarmed           |    84 |   117 |   301 |   317 |   833 |   109 ||  1761
         Bite              |     3 |    18 |    31 |    15 |    81 |    18 ||   166
         Punch             |     1 |       |    26 |     5 |    59 |    13 ||   104
         Constrict         |       |       |       |    47 |       |       ||    47
         Tailslap          |       |       |       |    10 |    59 |       ||    69
 Invoke: Recall Ancestor   |       |       |     3 |     2 |       |       ||     5
         Ancestor Life: Ba |       |       |     1 |       |       |       ||     1
         Transference      |       |       |       |     2 |       |       ||     2
Ability: Breathe Fire      |       |       |       |     3 |    19 |       ||    22
  Evoke: Wand              |       |     2 |    15 |     3 |    17 |       ||    37
         Tin of tremorston |       |       |       |       |     4 |       ||     4
         Box of beasts     |       |       |       |       |     2 |       ||     2
         Phantom mirror    |       |       |       |       |     1 |       ||     1
    Use: Potion            |       |     1 |     6 |     4 |     4 |     3 ||    18
         Scroll            |       |       |    15 |    12 |    10 |       ||    37
   Stab: Sleeping          |     3 |     1 |     3 |     4 |     1 |       ||    12
         Distracted        |       |       |     2 |     5 |    21 |     4 ||    32
         Paralysed         |       |       |     4 |       |       |       ||     4
         Invisible         |       |       |       |     2 |     2 |       ||     4
 Armour: Skin              |     6 |     6 |    49 |    82 |   302 |    50 ||   495
  Dodge: Dodged            |    74 |    95 |   201 |   210 |   919 |   152 ||  1651
   Form: Anaconda          |       |       |       |     1 |       |       ||     1
         Dragon            |       |       |       |     1 |       |       ||     1
         Statue            |       |       |       |       |     1 |       ||     1

Levels and vault maps discovered:
D:1:      lemuel_arrival_funnel, layout_loops_ring, nicolae_the_louvre
D:2:      layout_rooms, minmay_tetromino_i2
D:3:      layout_basic, uniq_grinder
D:4:      layout_gridville, lemuel_tele_altar, dreamdust_mushroom_princess,
          uniq_eustachio, uniq_blork_the_orc
D:5:      layout_basic, minmay_fountain_box, eino_tiny_chamber
D:6:      layout_basic, minmay_temple_entry_statues_pillars, serial_rivers,
          chequers_serial_rivers_micro_b, chequers_serial_rivers_room_b,
          chequers_serial_rivers_micro_c, chequers_serial_rivers_micro_e,
          cheibrodos_sewer_entry_bend, chequers_serial_rivers_micro_d,
          serial_bayou_pond_b
D:7:      layout_basic, mainiacjoe_overflow_concentric_impassable,
          enter_bailey_2, serial_shops, shop
D:8:      layout_rooms, nicolae_overflow_hidden_temple,
          due_lair_maze_entry_diamond, nicolae_shop_sticking_my_neck_out,
          uniq_joseph
D:9:      layout_irregular_city
D:10:     layout_basic, lightli_wizard_tower
D:11:     layout_loops_cross, kennysheep_orc_monster_closet_entryway,
          uniq_josephine, uniq_erica, uniq_erolcha
Lair:1:   layout_roguey, gauntlet_entry_generic,
          lightli_volcano_entry_magma_tube, uniq_fannar
Lair:2:   layout_gridlike, guppyfry_lair_drakes
Lair:3:   layout_chaotic_city, nicolae_shoals_entry_roost,
          minmay_snake_entry_six_corridors, wad_woods_06, st_stairs_13
Lair:4:   layout_roguey, dpeg_slime_entry_enclosed, ice2_lemuel
Lair:5:   grunt_lair_end_beastmaster, layout_cave_shapes, serial_bayou_pond_c,
          nzn_sisyphean_effort, lemuel_fruit_tree
Snake:1:  layout_onion_interference, serial_shops, nicolae_shop_waterfront,
          nicolae_shop_firing_range, minmay_shop_grove
Snake:2:  layout_misc_corridors, basic_altar, nicolae_snake_biting_tails
Snake:3:  layout_cave_pods, serial_shops, shop, grunt_ministairs_12,
          serial_bayou_pond_a, grunt_megastairs_5, uniq_aizul
Snake:4:  grunt_snake_rune_spirals, layout_concentric_octagons,
          serial_bayou_shore_b, uniq_nikola
Orc:1:    layout_caves, nicolae_orc_rich_vein
Orc:2:    grunt_orc_gardens, layout_caves, grunt_orc_garden, grunt_orc_garden,
          grunt_orc_garden, grunt_orc_garden, uniq_snorg

Notes
Turn   | Place    | Note
-------+----------+-------------------------------------------
     0 | D:1      | AIAndy the Felid Shapeshifter began the quest for the Orb.
     0 | D:1      | Reached XP level 1. HP: 9/9 MP: 2/2
    62 | D:1      | Reached XP level 2. HP: 13/13 MP: 3/3
   434 | D:1      | Reached XP level 3. HP: 15/16 MP: 4/4
   512 | D:1      | Reached skill level 3 in Unarmed Combat
   862 | D:2      | Reached skill level 4 in Shapeshifting
   971 | D:2      | You fall into a shaft and drop 1 floor!
  1180 | D:3      | Reached XP level 4. HP: 19/19 MP: 5/5
  1698 | D:3      | Identified the +2 flail "Toestre" {pain, Str+5 Dex-3}
  1838 | D:3      | Noticed Grinder
  1846 | D:3      | Killed Grinder
  1847 | D:3      | Reached skill level 4 in Unarmed Combat
  1847 | D:3      | Reached skill level 5 in Shapeshifting
  1847 | D:3      | Reached XP level 5. HP: 16/22 MP: 6/6
  1847 | D:3      | Gained mutation: You are covered in thick fur. (AC +2)
                  | [Felid growth]
  1847 | D:3      | Reached XP level 6. HP: 19/26 MP: 7/7
  2010 | D:4      | Noticed Blork the orc
  2131 | D:4      | Killed Blork the orc
  2132 | D:4      | Reached skill level 5 in Unarmed Combat
  2322 | D:4      | Noticed Eustachio
  2347 | D:4      | Killed Eustachio
  2348 | D:4      | Reached skill level 6 in Shapeshifting
  2348 | D:4      | Reached XP level 7. HP: 27/30 MP: 8/8
  2778 | D:4      | Found a hazy altar of Hepliaklqana.
  2838 | D:4      | Became a worshipper of Hepliaklqana the Forgotten
  2874 | D:5      | Entered Level 5 of the Dungeon
  2901 | D:5      | Reached skill level 6 in Unarmed Combat
  3386 | D:5      | Reached XP level 8. HP: 30/33 MP: 9/9
  3419 | D:5      | Reached skill level 7 in Shapeshifting
  3447 | D:5      | Reached skill level 7 in Unarmed Combat
  3531 | D:6      | Found a staircase to the Ecumenical Temple.
  3540 | D:6      | Noticed a gargoyle
  3612 | D:6      | Reached * piety under Hepliaklqana
  3685 | D:6      | Paralysed by an orc wizard for 2 turns
  3779 | D:6      | Reached skill level 8 in Unarmed Combat
  3790 | D:6      | Found a glowing drain.
  3806 | Sewer    | Entered a sewer
  3866 | Sewer    | Reached skill level 8 in Shapeshifting
  4146 | D:6      | Reached skill level 3 in Dodging
  4236 | D:6      | Killed a gargoyle
  4237 | D:6      | Reached XP level 9. HP: 19/33 MP: 10/10
  4670 | D:7      | Reached skill level 4 in Dodging
  4676 | D:7      | Reached skill level 3 in Fighting
  4753 | D:7      | Found Ololei's Magic Scroll Shop.
  4761 | D:7      | Bought a scroll of vulnerability for 52 gold pieces
  4761 | D:7      | Bought a scroll of identify for 26 gold pieces
  4761 | D:7      | Bought a scroll of identify for 26 gold pieces
  4761 | D:7      | Bought a scroll of immolation for 52 gold pieces
  4761 | D:7      | Bought a scroll of identify for 26 gold pieces
  4761 | D:7      | Bought a scroll of teleportation for 39 gold pieces
  4769 | D:7      | Found a flagged portal.
  4780 | Bailey   | Entered a bailey
  4780 | Bailey   | Reached ** piety under Hepliaklqana
  4782 | Bailey   | Remembered your ancestor Zola as a battlemage
  4815 | Bailey   | Noticed an orc knight
  4843 | Bailey   | HP: 3/33 [electric eel/bolt of electricity (12)]
  4843 | Bailey   | Demolished by an orc knight
  4844 | Bailey   | Reached XP level 8. HP: -18/30 MP: 9/9
  4844 | Bailey   | Identified the +11 plate armour "Tivorph" {Drain rCorr
                  | Str+4 SInv}
  4852 | Bailey   | Noticed an orc high priest
  4853 | Bailey   | Found an iron altar of Okawaru.
  4861 | Bailey   | HP: 3/30 [orc high priest/+0 war axe (4)]
  4870 | Bailey   | Killed an orc high priest
  4871 | Bailey   | Reached skill level 4 in Fighting
  4871 | Bailey   | Reached skill level 5 in Dodging
  4898 | Bailey   | Got Umporph's Annotations on the Mountains
  4908 | Bailey   | Identified the +5 falchion of Deformation {heavy, rElec}
  4920 | Bailey   | Noticed a kobold demonologist
  4965 | Bailey   | Killed a kobold demonologist
  4966 | Bailey   | Reached skill level 9 in Unarmed Combat
  4966 | Bailey   | Reached XP level 9. HP: 31/35 MP: 10/10
  4983 | Bailey   | Reached skill level 6 in Dodging
  5096 | Bailey   | Acquired the amulet "Uko Loitz" {Acrobat Rampage Fragile
                  | rN++ Will+++}
  5143 | Bailey   | Reached skill level 9 in Shapeshifting
  5165 | Bailey   | Killed an orc knight
  5166 | Bailey   | Reached skill level 5 in Fighting
  5182 | Bailey   | HP: 3/36 [electric eel/bolt of electricity (13)]
  5731 | D:7      | Reached skill level 7 in Dodging
  5762 | D:7      | Found a sparkling altar of Nemelex Xobeh.
  6418 | D:7      | Reached XP level 10. HP: 39/39 MP: 11/11
  6423 | D:8      | Reached skill level 1 in Invocations
  6483 | D:8      | Noticed a two-headed ogre
  6611 | D:8      | Killed a two-headed ogre
  6612 | D:8      | Reached skill level 6 in Fighting
  6612 | D:8      | Reached skill level 8 in Dodging
  6612 | D:8      | Reached skill level 10 in Unarmed Combat
  6612 | D:8      | Reached skill level 2 in Invocations
  6759 | D:8      | Noticed Joseph
  6856 | D:8      | Killed Joseph
  6857 | D:8      | Reached skill level 3 in Invocations
  6955 | D:8      | Found Jetig's Neck Hole.
  7049 | D:8      | Found a staircase to the Lair.
  7165 | D:8      | Found a stormy altar of Qazlal.
  7169 | D:8      | Found an iron altar of Okawaru.
  7194 | D:8      | Found a snail-covered altar of Cheibriados.
  7194 | D:8      | Found an ornate altar of the Wu Jian Council.
  7197 | D:8      | Upgraded the game from 0.31-a0-278-g485e682e34 to
                  | 0.31-a0-313-g785cd24033
  7379 | D:9      | Reached *** piety under Hepliaklqana
  7971 | D:8      | Found an opulent altar of Gozag.
  8013 | D:10     | Entered Level 10 of the Dungeon
  8177 | D:10     | Noticed a gargoyle
  8180 | D:10     | Killed a gargoyle
  8181 | D:10     | Reached skill level 10 in Shapeshifting
  8181 | D:10     | Reached XP level 11. HP: 44/44 MP: 14/14
  8396 | D:10     | Noticed a wizard
  8402 | D:10     | Killed a wizard
  8403 | D:10     | Reached skill level 9 in Dodging
  8583 | D:10     | Identified 2 potions of resistance
  9076 | D:11     | Reached skill level 4 in Invocations
  9137 | D:11     | Noticed Erolcha
  9144 | D:11     | Reached skill level 7 in Fighting
  9192 | D:11     | Noticed a boulder beetle
  9197 | D:11     | Killed a boulder beetle
  9310 | D:11     | Noticed a boulder beetle
  9319 | D:11     | Killed a boulder beetle
  9320 | D:11     | Reached skill level 11 in Unarmed Combat
  9467 | D:11     | Noticed Erica
  9470 | D:11     | HP: 1/54 [Erica/+4 scimitar of flaming (6)]
  9473 | D:11     | Killed Erica
  9611 | D:11     | Found a staircase to the Orcish Mines.
  9816 | D:11     | Killed Erolcha
  9817 | D:11     | Reached skill level 11 in Shapeshifting
 10308 | D:11     | Noticed an orc knight
 10327 | D:11     | Killed an orc knight
 10400 | D:11     | Noticed Josephine
 10406 | D:11     | Killed Josephine
 10407 | D:11     | Reached skill level 12 in Unarmed Combat
 10782 | Lair:1   | Entered Level 1 of the Lair of Beasts
 10807 | Lair:1   | Got the Catalogue of Unified Shapeshifting
 10866 | Lair:1   | Found a gate leading to a gauntlet.
 10878 | Lair:1   | Gained mutation: Your thick and shaggy fur keeps you warm.
                  | (AC +3, rC+) [Felid growth]
 10878 | Lair:1   | Reached XP level 12. HP: 39/48 MP: 16/16
 10914 | Gauntlet | Entered a Gauntlet
 10914 | Gauntlet | Found a transporter.
 10946 | Gauntlet | Found a transporter.
 10948 | Gauntlet | Found a transporter.
 10959 | Gauntlet | Found a transporter.
 10961 | Gauntlet | Reached **** piety under Hepliaklqana
 10962 | Gauntlet | Found a transporter.
 10967 | Gauntlet | Found a runed translucent gate.
 10967 | Gauntlet | Found a runed translucent gate.
 10967 | Gauntlet | Found a runed translucent gate.
 10969 | Gauntlet | Found a transporter.
 10990 | Gauntlet | Found a transporter.
 11002 | Gauntlet | Found a transporter.
 11012 | Gauntlet | Found a transporter.
 11031 | Gauntlet | Found a transporter.
 11045 | Gauntlet | Found a transporter.
 11045 | Gauntlet | Found a transporter.
 11093 | Gauntlet | Found a transporter.
 11107 | Gauntlet | Found a transporter.
 11270 | Gauntlet | Identified the amulet "Siolugic" {Faith rC+}
 11276 | Gauntlet | Reached skill level 12 in Shapeshifting
 11307 | Gauntlet | Identified the +0 ring mail of the Unbroken {Rampage rPois}
 11343 | Gauntlet | Noticed a minotaur
 11349 | Gauntlet | Killed a minotaur
 11350 | Gauntlet | Reached skill level 13 in Unarmed Combat
 11441 | Lair:1   | Found a dark tunnel.
 11449 | Volcano  | Entered a volcano
 11489 | Volcano  | Noticed a centaur warrior
 11493 | Volcano  | Killed a centaur warrior
 11548 | Volcano  | Noticed a red draconian
 11556 | Volcano  | Killed a red draconian
 11683 | Lair:1   | Noticed Fannar
 11690 | Lair:1   | Killed Fannar
 11691 | Lair:1   | Reached skill level 13 in Shapeshifting
 12362 | Lair:2   | Acquired a manual of Fighting
 12655 | Lair:2   | Reached skill level 14 in Shapeshifting
 12990 | Lair:3   | Reached skill level 8 in Fighting
 12999 | Lair:3   | Reached ***** piety under Hepliaklqana
 13018 | Lair:3   | Reached XP level 13. HP: 53/53 MP: 17/17
 13113 | Lair:3   | Reached skill level 9 in Fighting
 13214 | Lair:3   | Found a staircase to the Snake Pit.
 13393 | Lair:3   | Reached skill level 10 in Fighting
 13685 | Lair:3   | Found a staircase to the Shoals.
 13692 | Lair:3   | Reached skill level 11 in Fighting
 14370 | Lair:4   | Reached skill level 15 in Shapeshifting
 14485 | Lair:4   | Reached skill level 12 in Fighting
 14973 | Lair:4   | Found a viscous altar of Jiyva.
 14973 | Lair:4   | Found a staircase to the Slime Pits.
 15144 | Lair:5   | Entered Level 5 of the Lair of Beasts
 15415 | Lair:5   | Reached skill level 5 in Invocations
 15425 | Lair:5   | Reached skill level 13 in Fighting
 15425 | Lair:5   | Reached XP level 14. HP: 45/63 MP: 18/18
 15899 | Lair:5   | Reached skill level 6 in Invocations
 16080 | Lair:5   | Reached skill level 10 in Dodging
 16708 | Lair:5   | Upgraded the game from 0.31-a0-313-g785cd24033 to
                  | 0.31-a0-325-g067879e3d3
 16926 | Orc:1    | Entered Level 1 of the Orcish Mines
 16926 | Orc:1    | Noticed an orc warlord
 17143 | Orc:1    | Killed an orc warlord
 17144 | Orc:1    | Reached skill level 7 in Invocations
 17392 | Orc:2    | Entered Level 2 of the Orcish Mines
 17407 | Orc:2    | Noticed an orc warlord
 17805 | Orc:1    | Killed an orc warlord
 17968 | Orc:2    | Reached skill level 14 in Fighting
 17976 | Orc:2    | Noticed Snorg
 17985 | Orc:2    | Killed Snorg
 18095 | Orc:2    | Found Yrghu's Jewellery Shop.
 18130 | Orc:2    | Found Orepaj's Antique Armour Emporium.
 18131 | Orc:2    | Noticed an orc warlord
 18134 | Orc:2    | Noticed an orc warlord
 18136 | Orc:2    | Reached skill level 11 in Dodging
 18140 | Orc:2    | Killed an orc warlord
 18147 | Orc:2    | HP: 6/96 [orc knight/+0 great sword (31)]
 18404 | Orc:2    | Killed an orc warlord
 18551 | Orc:2    | Found a staircase to the Elven Halls.
 18603 | Orc:2    | Found Daoboess's Antique Weapon Shoppe.
 18615 | Orc:2    | Found Motwuf's General Store.
 18623 | Orc:2    | Bought a scroll of fear for 60 gold pieces
 18623 | Orc:2    | Bought a scroll of fog for 60 gold pieces
 18848 | Orc:2    | Reached ****** piety under Hepliaklqana
 18908 | Orc:2    | Bought a granite talisman for 1120 gold pieces
 19588 | Snake:1  | Entered Level 1 of the Snake Pit
 19620 | Snake:1  | Reached skill level 8 in Invocations
 19624 | Snake:1  | Reached skill level 14 in Unarmed Combat
 19632 | Snake:1  | Reached XP level 15. HP: 64/68 MP: 22/22
 19638 | Snake:1  | Reached skill level 16 in Shapeshifting
 19803 | Snake:1  | Found Yfeth's Firing Range.
 20032 | Snake:1  | Found Buwuq's Antique Armour Shop.
 20045 | Snake:1  | Got the Handbook of Teratogeny and the Spider
 20071 | Snake:1  | Reached skill level 12 in Dodging
 20177 | Snake:1  | Found Rutti Ykeuw's Jewellery Emporium.
 20178 | Snake:1  | Found Verepsun's Book Boutique.
 20179 | Snake:1  | Found Qiwuq's Jewellery Emporium.
 20680 | Snake:2  | Reached skill level 17 in Shapeshifting
 20978 | Snake:2  | Found an iron altar of Okawaru.
 21708 | Snake:3  | Found Ymeny's Jewellery Boutique.
 21799 | Snake:3  | Noticed Aizul
 21804 | Snake:3  | Killed Aizul
 21805 | Snake:3  | Reached skill level 18 in Shapeshifting
 22158 | Snake:3  | Identified the +7 battleaxe "Yrockua" {flame, rC+}
 22254 | Snake:3  | Reached XP level 16. HP: 72/72 MP: 23/23
 22986 | Snake:4  | Entered Level 4 of the Snake Pit
 22990 | Snake:4  | Reached skill level 19 in Shapeshifting
 23256 | Snake:4  | Mangled by a naga warrior
 23257 | Snake:4  | Reached XP level 15. HP: -6/88 MP: 22/22
 23582 | Snake:4  | Noticed a nagaraja
 23591 | Snake:4  | Killed a nagaraja
 23681 | Snake:4  | Noticed a nagaraja
 23690 | Snake:4  | Killed a nagaraja
 23760 | Snake:4  | Noticed a nagaraja
 23764 | Snake:4  | Noticed a nagaraja
 23768 | Snake:4  | Killed a nagaraja
 23960 | Snake:4  | Noticed a nagaraja
 23966 | Snake:4  | Killed a nagaraja
 23967 | Snake:4  | Reached skill level 1 in Evocations
 24058 | Snake:4  | Noticed a nagaraja
 24064 | Snake:4  | Reached skill level 2 in Evocations
 24065 | Snake:4  | Killed a nagaraja
 24066 | Snake:4  | Reached skill level 20 in Shapeshifting
 24114 | Snake:4  | Noticed a nagaraja
 24120 | Snake:4  | Killed a nagaraja
 24122 | Snake:4  | HP: 3/88 [naga warrior/+0 war axe (14)]
 24122 | Snake:4  | Mangled by a naga ritualist
 24123 | Snake:4  | Reached XP level 14. HP: -6/83 MP: 21/21
 24168 | Snake:4  | Reached skill level 15 in Unarmed Combat
 24176 | Snake:4  | Reached skill level 3 in Evocations
 24292 | Snake:4  | Noticed Nikola
 24302 | Snake:4  | Killed Nikola
 24303 | Snake:4  | Reached XP level 15. HP: 24/68 MP: 22/22
 24429 | Snake:4  | Noticed a nagaraja
 24436 | Snake:4  | Killed a nagaraja
 24607 | Snake:4  | Reached skill level 4 in Evocations
 24805 | Snake:4  | Noticed a nagaraja
 24811 | Snake:4  | Killed a nagaraja
 24863 | Snake:4  | Killed a nagaraja
 24911 | Snake:4  | Noticed a nagaraja
 24916 | Snake:4  | Killed a nagaraja
 24916 | Snake:4  | Noticed a nagaraja
 24919 | Snake:4  | Killed a nagaraja
 24965 | Snake:4  | Got a serpentine rune of Zot
 25040 | Snake:4  | Noticed a nagaraja
 25045 | Snake:4  | Killed a nagaraja
 25046 | Snake:4  | Reached skill level 5 in Evocations
 25109 | Snake:4  | Noticed a nagaraja
 25112 | Snake:4  | Noticed a nagaraja
 25122 | Snake:4  | HP: 1/88 [nagaraja/+0 spear (27)]
 25123 | Snake:4  | Annihilated by a naga warrior

Vanquished Creatures
  Nikola (Snake:4)
  Aizul (Snake:3)
  10 nagarajas (Snake:4)
  4 orc warlords
  A red draconian (Volcano)
  A minotaur (Gauntlet)
  Josephine (D:11)
  Fannar (Lair:1)
  A catoblepas (Lair:5)
  Erolcha (D:11)
  A salamander tyrant (Snake:4)
  Erica (D:11)
  An ice dragon (Lair:4)
  A two-headed ogre (Orc:1)
  3 anacondas
  A centaur warrior (Volcano)
  4 boulder beetles
  12 naga warriors
  A deep troll shaman (Lair:5)
  18 naga sharpshooters
  3 death yaks (Lair:5)
  6 shock serpents
  3 orc high priests
  2 skysharks
  7 naga ritualists
  A glowing orange brain (Gauntlet)
  5 salamander mystics
  A wizard (D:10)
  3 harpies (Lair:3)
  3 lindwurms
  4 orc knights
  An ugly thing (Gauntlet)
  7 mana vipers
  4 orc sorcerers (Orc:2)
  2 cyclopes
  20 salamanders
  9 elephants (Lair:5)
  Joseph (D:8)
  9 naga magi
  41 black mambas
  6 guardian serpents
  8 cane toads
  A torpor snail (Lair:5)
  2 gargoyles
  A kobold demonologist (Bailey)
  4 rime drakes
  4 komodo dragons
  4 trolls
  17 blink frogs
  Grinder (D:3)
  5 polar bears
  4 shadows (Gauntlet)
  A vampire (D:11)
  2 wyverns
  30 yaks
  4 wraiths
  Eustachio (D:4)
  3 chaos spawn (Gauntlet)
  2 basilisks
  A neqoxec (Gauntlet)
  6 wargs
  31 nagas
  2 acid dragons
  16 water moccasins
  10 ice beasts
  2 sky beasts
  31 orc warriors
  2 black bears
  13 ogres
  24 wolves
  4 centaurs
  2 phantoms (D:6)
  5 kobold brigands
  Blork the orc (D:4)
  9 bullfrogs
  2 scorpions (D:5)
  2 gnoll sergeants
  2 killer bees (D:9)
  2 howler monkeys (D:6)
  3 electric eels
  4 jellies
  10 orc priests
  3 hounds
  4 sleepcaps
  An iguana (D:4)
  15 orc wizards
  A hell rat (Lair:2)
  5 gnolls
  12 adders
  A river rat (Sewer)
  A shadow imp (D:5)
  2 white imps
  3 dart slugs
  5 worms
  57 orcs
  10 ball pythons
  10 endoplasms
  2 giant cockroaches
  11 goblins
  11 hobgoblins
  15 jackals
  4 quokkas
  6 bats
  7 frilled lizards
  15 kobolds
  21 rats
703 creatures vanquished.

Vanquished Creatures (collateral kills)
  4 nagarajas (Snake:4)
  Snorg (Orc:2)
  A salamander tyrant (Snake:4)
  A boulder beetle (D:11)
  A two-headed ogre (D:8)
  5 naga warriors
  A shock serpent (Snake:4)
  2 naga sharpshooters
  2 salamander mystics
  3 naga ritualists
  5 mana vipers
  An orc sorcerer (Orc:1)
  An ugly thing (Gauntlet)
  3 salamanders
  A guardian serpent (Snake:2)
  11 black mambas
  An ice statue (Lair:4)
  3 naga magi (Snake:4)
  A cane toad (Lair:2)
  A komodo dragon (Lair:3)
  A polar bear (Lair:4)
  2 blink frogs
  A shadow (D:11)
  7 yaks
  2 wraiths
  A wyvern (Lair:5)
  2 wargs
  An acid dragon (D:9)
  11 nagas
  10 orc warriors
  4 water moccasins
  A black bear (D:8)
  An ice beast (Lair:4)
  2 ogres
  A wolf (Lair:2)
  2 centaurs (Volcano)
  4 bullfrogs
  2 gnoll sergeants (D:11)
  2 kobold brigands
  2 killer bees (D:9)
  7 electric eels
  A crimson imp (D:10)
  An orc priest (Orc:2)
  5 orc wizards
  4 gnolls
  A white imp (Lair:4)
  22 orcs
  A hobgoblin (Bailey)
  A goblin (Bailey)
  5 kobolds
156 creatures vanquished.

Vanquished Creatures (others)
  A naga sharpshooter (Snake:4)
  A black mamba (Snake:4)
  A naga (Snake:4)
  28 battlemagi
31 creatures vanquished.

Grand Total: 890 creatures vanquished

Table legend: (Time is in decaauts)
 A = Elapsed time spent in this place.
 B = Non-inter-level travel time spent in this place.
 C = Inter-level travel time spent in this place.
 D = Time resting spent in this place.
 E = Time spent auto-exploring this place.
 F = Levels seen in this place.
 G = Mean time per level.
                   A        B        C        D        E       F      G
               +--------+--------+--------+--------+--------+-----+--------+
         Total |  26848 |  25133 |   1715 |   2469 |  17879 |  26 | 1032.6 |
       Dungeon |   9320 |   8476 |    844 |    496 |   6416 |  11 |  847.3 |
          Lair |   5469 |   5022 |    447 |    143 |   3923 |   5 | 1093.8 |
     Snake Pit |   8092 |   7844 |    248 |   1030 |   5544 |   4 | 2023.0 |
  Orcish Mines |   2247 |   2072 |    175 |    557 |   1197 |   2 | 1123.5 |
         Sewer |    249 |    249 |      0 |      0 |    130 |   1 |  249.0 |
        Bailey |    820 |    820 |      0 |    243 |    266 |   1 |  820.0 |
       Volcano |    195 |    195 |      0 |      0 |    154 |   1 |  195.0 |
      Gauntlet |    454 |    454 |      0 |      0 |    248 |   1 |  454.0 |
               +--------+--------+--------+--------+--------+-----+--------+

Top non-repeatable levels by time:
 Snake:4: 3102 daAuts
    D:11: 2121 daAuts
 Snake:2: 2057 daAuts
 Snake:3: 2011 daAuts
  Lair:5: 1538 daAuts
   Orc:1: 1348 daAuts
  Lair:3: 1191 daAuts
    D:10: 1127 daAuts
  Lair:4: 1054 daAuts
 Snake:1: 921 daAuts
   Orc:2: 899 daAuts
  Lair:2: 863 daAuts
     D:9: 853 daAuts
     D:7: 826 daAuts
  Lair:1: 821 daAuts

Table legend:
 A = Non-vault XP
 B = Vault XP
 C = Vault XP percentage of total XP
 D = Non-vault monster count
 E = Vault monster count
 F = Vault count percentage of total count
                 A         B        C        D         E       F
            +---------+---------+-------+---------+---------+-------
      Total |  140149 |   88930 |  38.8 |     598 |     262 |  30.5
            +---------+---------+-------+---------+---------+-------
        D:1 |      55 |       0 |   0.0 |      30 |       0 |   0.0
        D:2 |      54 |       1 |   1.8 |      23 |       1 |   4.2
        D:3 |      68 |     262 |  79.4 |      16 |       1 |   5.9
        D:4 |     130 |     304 |  70.0 |      20 |       2 |   9.1
        D:5 |     687 |       0 |   0.0 |      14 |       0 |   0.0
        D:6 |     913 |     439 |  32.5 |      17 |       4 |  19.0
        D:7 |     896 |     287 |  24.3 |      22 |       2 |   8.3
        D:8 |    1842 |    1524 |  45.3 |      19 |       9 |  32.1
        D:9 |    1491 |       0 |   0.0 |      11 |       0 |   0.0
       D:10 |     814 |     727 |  47.2 |      17 |       2 |  10.5
       D:11 |    4257 |    5249 |  55.2 |      20 |      27 |  57.4
     Lair:1 |    2677 |     889 |  24.9 |      14 |       1 |   6.7
     Lair:2 |    4104 |     768 |  15.8 |      15 |       4 |  21.1
     Lair:3 |    7571 |    4825 |  38.9 |      35 |      13 |  27.1
     Lair:4 |    3867 |    3456 |  47.2 |      17 |      15 |  46.9
     Lair:5 |   15286 |    7779 |  33.7 |      48 |      17 |  26.2
    Snake:1 |   14216 |       0 |   0.0 |      29 |       0 |   0.0
    Snake:2 |   23659 |       0 |   0.0 |      49 |       0 |   0.0
    Snake:3 |   20378 |    8049 |  28.3 |      40 |      12 |  23.1
    Snake:4 |   26525 |   35194 |  57.0 |      53 |      39 |  42.4
      Orc:1 |    6396 |     398 |   5.9 |      41 |       2 |   4.7
      Orc:2 |    4263 |    8848 |  67.5 |      48 |      26 |  35.1
      Sewer |       0 |      89 | 100.0 |       0 |      27 | 100.0
     Bailey |       0 |    2934 | 100.0 |       0 |      39 | 100.0
    Volcano |       0 |    2399 | 100.0 |       0 |       7 | 100.0
   Gauntlet |       0 |    4509 | 100.0 |       0 |      12 | 100.0
            +---------+---------+-------+---------+---------+-------
